 Dungeon Crawl Stone Soup version 0.17-a0-1650-gce8475a (webtiles) character file.

124 Parakulo the Conjurer (level 5, -1/31 HPs)
             Began as an Octopode Conjurer on July 29, 2015.
             Killed from afar by emiel's ghost (6 damage)
             ... with a magic dart
             ... on level 3 of the Dungeon on Aug 13, 2015.
             The game lasted 00:11:49 (2562 turns).

Parakulo the Conjurer (Octopode Conjurer)           Turns: 2562, Time: 00:11:50

Health: -1/31      AC:  1    Str:  7      XL:     5   Next: 8%
Magic:  5/9        EV: 12    Int: 17 (18) God:
Gold:   152        SH:  0    Dex: 13      Spells: 4 memorised, 0 levels left

rFire  . . .     SeeInvis .     (no weapon)
rCold  . . .     Clarity  .     (no shield)
rNeg   . . .     SustAt   .     (helmet restricted)
rPois  .         Gourm    .     (no amulet)
rElec  .         Spirit   .     (no ring)
rCorr  .         Warding  .     (no ring)
rMut   .         Stasis   .     (no ring)
MR     .....                    (no ring)
Stlth  ++++......               (no ring)
                                (no ring)
                                (no ring)
                                (no ring)

@: very slightly contaminated, hasted, very quick, not resistant to hostile
enchantments, stealthy
A: almost no armour, amphibious, 8 rings, constrict 8, camouflage 1, gelatinous
body 1
a: no special abilities


You were on level 3 of the Dungeon.
You were not hungry.

You visited 1 branch of the dungeon, and saw 3 of its levels.

You collected 152 gold pieces.

Inventory:

Hand weapons
 n - a +0 blowgun
Missiles
 o - 2 curare-tipped needles
Scrolls
 c - a scroll of identify
 d - a scroll of recharging
 f - 2 scrolls of noise
 i - a scroll of teleportation {unknown}
 k - a scroll of blinking {unknown}
Potions
 e - a potion of curing
 h - 2 potions of magic
 l - a potion of poison {unknown}
Books
 a - a book of Conjurations

   Spells                             Type                      Level
   a - Magic Dart                     Conjuration                  1
   b - Searing Ray                    Conjuration                  2
   c - Dazzling Spray                 Conjuration/Hexes            3
   d - Fulminant Prism                Conjuration/Hexes            4
   e - Iskenderun's Mystic Blast      Conjuration                  4
   f - Iskenderun's Battlesphere      Conjuration/Charms           5
Comestibles
 b - 2 bread rations
 g - a slice of pizza
 j - 3 chunks of flesh
 m - a beef jerky


   Skills:
 - Level 2.0 Dodging
 + Level 3.6 Stealth
 + Level 3.0 Spellcasting
 + Level 5.3 Conjurations


You couldn't memorise any spells.
You knew the following spells:

 Your Spells              Type           Power        Failure   Level  Hunger
a - Magic Dart            Conj           ###.         1%          1    None
b - Searing Ray           Conj           ###...       2%          2    ##.....
c - Dazzling Spray        Conj/Hex       ##......     21%         3    ###....
d - Iskenderun's Mystic   Conj           ###.....     21%         4    ####...


Dungeon Overview and Level Annotations

Branches:
Dungeon (3/15)

Altars:
Okawaru
Yredelemnul

Annotations:
D:3 emiel's ghost, average CeCj


Innate Abilities, Weirdness & Mutations

You cannot wear most types of armour.
You are amphibious.
You can wear up to eight rings at the same time.
You can use your tentacles to constrict eight enemies at once.
Your skin changes colour to match your surroundings (Stealth).
Your rubbery body absorbs attacks (AC +1).


Message History

The searing ray hits emiel's ghost.
Emiel's ghost is lightly damaged.
Emiel's ghost hits you.
The searing ray hits emiel's ghost.
Emiel's ghost is lightly damaged.
Emiel's ghost casts a spell at you. The magic dart hits you!
The searing ray hits emiel's ghost.
Emiel's ghost is lightly damaged.
Emiel's ghost misses you. Emiel's ghost hits you.
* * * LOW HITPOINT WARNING * * *
You feel yourself speed up.
You are very lightly contaminated with residual magic.
Emiel's ghost points at you and mumbles some strange words.
The magic dart hits you!
* * * LOW HITPOINT WARNING * * *
Emiel's ghost gestures at you while chanting.
The magic dart hits you!
You die...

. #........#
#........# #.)....†.#
.. #........#
....##'####### ....
#.# .... #.#
....##.###############
................@..W.#
####...#############.#
#...# #....##.# #...#
#.#..##.# ###..#######
#.....# #...>......
#.....#
#.############.##.##
#...........<#.##.#
####..#.#..###.##.#


You could see emiel's ghost.

Vanquished Creatures
  6 adders
  An ooze (D:3)
  A worm (D:2)
  2 giant geckos
  6 bats
  6 giant cockroaches
  8 hobgoblins
  A ball python (D:2)
  3 giant newts
  5 goblins
  10 jackals
  7 kobolds
  11 rats
67 creatures vanquished.

Notes
Turn   | Place    | Note
--------------------------------------------------------------
     0 | D:1      | Parakulo the Octopode Conjurer began the quest for the Orb.
     0 | D:1      | Reached XP level 1. HP: 11/11 MP: 3/3
   329 | D:1      | Reached XP level 2. HP: 10/17 MP: 0/5
   961 | D:1      | Reached XP level 3. HP: 21/21 MP: 6/6
  1549 | D:2      | Reached skill level 5 in Conjurations
  1583 | D:2      | Learned a level 2 spell: Searing Ray
  1676 | D:2      | Reached XP level 4. HP: 27/27 MP: 5/7
  2381 | D:3      | Found a basalt altar of Yredelemnul.
  2420 | D:3      | Reached XP level 5. HP: 31/31 MP: 5/9
  2424 | D:3      | Upgraded the game from 0.17-a0-1591-g7a45446 to 0.17-a0-1650-gce8475a
  2428 | D:3      | Learned a level 3 spell: Dazzling Spray
  2489 | D:3      | Noticed emiel's ghost (average CeCj)
  2496 | D:3      | Learned a level 4 spell: Iskenderun's Mystic Blast
  2509 | D:3      | Found an iron altar of Okawaru.
  2562 | D:3      | Killed from afar by emiel's ghost

Vault maps used:
D:1:      lemuel_arrival_muddy
D:2:      minmay_misc_feat_diagonals, grunt_decor_one_mirror
D:3:      okawaru_metal_pillars_1_2, old_standard_altar, first_bread,
          kennysheep_generic_room_14

Action                   |  1- 3 |  4- 6 || total
-------------------------+-------+-------++-------
Melee: Unarmed           |    73 |    47 ||   120
 Cast: Magic Dart        |    42 |    35 ||    77
       Searing Ray       |       |     4 ||     4
  Use: Potion            |     1 |     2 ||     3
       Scroll            |     7 |       ||     7
 Stab: Distracted        |     1 |       ||     1
       Sleeping          |     2 |     3 ||     5
  Eat: Chunk             |     3 |     3 ||     6
